 Dungeon Crawl Stone Soup version 0.17-a0-755-g4391640 (webtiles) character file.

162 wvc the Cudgeler (level 5, -1/54 HPs)
             Began as an Ogre Wanderer on Apr 22, 2015.
             Killed from afar by an orc wizard (5 damage)
             ... with a magic dart
             ... on level 4 of the Dungeon.
             The game lasted 00:05:39 (2833 turns).

wvc the Cudgeler (Ogre Wanderer)                    Turns: 2833, Time: 00:05:39

Health: -1/54      AC:  3    Str: 15    XL:     5   Next: 43%
Magic:  5/5        EV: 12    Int: 13    God:
Gold:   124        SH:  0    Dex: 10    Spells: 0 memorised, 4 levels left

rFire  . . .     SeeInvis .     a - +2 mace
rCold  . . .     Clarity  .     d - +0 robe
rNeg   . . .     SustAb   .     (no shield)
rPois  .         Gourm    .     (helmet restricted)
rElec  .         Spirit   .     (no cloak)
rCorr  .         Warding  .     (gloves unavailable)
rMut   .         Stasis   .     (boots unavailable)
MR     .....                    (no amulet)
Stlth  +.........               (no ring)
                                b - +3 ring of evasion

@: heavily drained, not resistant to hostile enchantments, very unstealthy
A: unfitting armour, tough skin 1
a: no special abilities


You were on level 4 of the Dungeon.
You were hungry.

You visited 1 branch of the dungeon, and saw 4 of its levels.

You collected 124 gold pieces.

Inventory:

Hand weapons
 a - a +2 mace (weapon)
 h - a +0 flail
Missiles
 p - 8 poisoned needles
Armour
 d - a +0 robe (worn)
Jewellery
 b - a +3 ring of evasion (left hand)
 e - an uncursed ring of teleportation
 m - an uncursed ring of ice
Scrolls
 l - 2 scrolls of identify
Potions
 c - 2 potions of curing
 i - a potion of brilliance {unknown}
 j - a potion of invisibility {unknown}
 k - a potion of mutation {unknown}
 n - a potion of heal wounds {unknown}
Comestibles
 f - 2 bread rations
 g - a slice of pizza


   Skills:
 + Level 3.9(2.5) Fighting
   Level 1.2(0.0) Short Blades
 * Level 5.5(4.1) Maces & Flails
 - Level 1.7(0.5) Dodging
 - Level 2.4(1.1) Stealth
 - Level 1.0(0.0) Evocations


You had 4 spell levels left.
You didn't know any spells.

Dungeon Overview and Level Annotations

Branches:
Dungeon (4/15)
 Temple: D:4-7

Altars:


Innate Abilities, Weirdness & Mutations

You are too large for most types of armour.
You have tough skin (AC +1).


Message History

You sock something! Something hits you.
* * * LOW HITPOINT WARNING * * *
Something hits you but does no damage.
You miss something. Something hits you.
* * * LOW HITPOINT WARNING * * *
You miss something. Something hits you.
* * * LOW HITPOINT WARNING * * *
You closely miss something. Something hits you.
* * * LOW HITPOINT WARNING * * *
Something hits you.
* * * LOW HITPOINT WARNING * * *
You miss something.
You hear some strange, mumbled words.
Something tries to affect you, but you resist.
You are feeling hungry.
You barely miss something.
You hear some strange, mumbled words.
A magic dart appears from out of thin air!
The magic dart hits you!
You die...

####.........#
#.###.###.# #####.###.#
#.# ####.......#.# #.#
#.....##.#...# #.#####..
#..<..##.#.#####.#.......
#........#.##..†)........
#.....#..#.##.##)#.......
#.............@{o# ###.#
#######.##.##.####
#.##.##.# ##.##.# .....#
#..... #..### ... #


You could see an orc.

Vanquished Creatures
  Jessica (D:3)
  3 adders
  An ooze (D:3)
  3 worms
  4 giant geckos
  10 orcs
  7 hobgoblins
  4 quokkas
  9 bats
  6 giant cockroaches
  2 giant newts (D:2)
  14 goblins
  3 jackals (D:1)
  4 kobolds
  8 rats
79 creatures vanquished.

Notes
Turn   | Place    | Note
--------------------------------------------------------------
     0 | D:1      | wvc, the Ogre Wanderer, began the quest for the Orb.
     0 | D:1      | wvc set off with: a +2 mace, a +0 short sword, a potion of curing, a +0 robe, a +0 dagger, a bread ration
     0 | D:1      | Reached XP level 1. HP: 19/19 MP: 1/1
   431 | D:1      | Reached XP level 2. HP: 27/27 MP: 2/2
   529 | D:1      | Reached skill level 3 in Maces & Flails
   648 | D:1      | Reached XP level 3. HP: 27/35 MP: 3/3
  1153 | D:2      | Reached skill level 4 in Maces & Flails
  1371 | D:2      | Reached XP level 4. HP: 28/44 MP: 4/4
  2166 | D:3      | Noticed Jessica
  2316 | D:3      | Killed Jessica
  2316 | D:3      | Reached skill level 5 in Maces & Flails
  2316 | D:3      | Reached XP level 5. HP: 40/53 MP: 5/5
  2833 | D:4      | Killed from afar by an orc wizard

Action                   |  1- 3 |  4- 6 || total
-------------------------+-------+-------++-------
Melee: Mace              |   105 |   143 ||   248
  Use: Scroll            |     1 |     4 ||     5
 Stab: Sleeping          |     3 |     1 ||     4
  Eat: Beef jerky        |     1 |     1 ||     2
       Chunk             |       |     3 ||     3
